 Dungeon Sprint DCSS version 0.29.1-4-g47bece8355 (webtiles) character file.

Game seed: 18068473649690135290

12 boopmooplesden the Carver (level 5, 0/57 HPs)
             Began as a Minotaur Berserker on Dec 7, 2022.
             Was a Priest of Trog.
             Slain by Ijyb
             ... wielding a +6 club
              (8 damage)
             ... in the Dungeon (Sprint VI: "Thunderdome").
             The game lasted 00:01:09 (267 turns).

boopmooplesden the Carver (Minotaur Berserker)       Turns: 267, Time: 00:01:09

Health: 0/57       AC:  7    Str: 24    XL:     5   Next: 64%
Magic:  4/4        EV: 16    Int:  1    God:    Trog [***...]
Gold:   85         SH:  0    Dex: 12    Spells: 4/4 levels left

rFire   . . .      SeeInvis .   p - +1 scythe (venom)
rCold   + + +      Faith    .   (shield currently unavailable)
rNeg    . . .      Spirit   .   s - +0 scale mail
rPois   +          Reflect  +   (helmet restricted)
rElec   .          Harm     .   (no cloak)
rCorr   .          Rampage  .   (no gloves)
Will    .....      NoTele   +   (no boots)
Stlth   ..........              o - amulet of Rerphe {Reflect rC++ Slay-5 SH+5}
HPRegen 0.19/turn               m - ring of the Eagle {rPois rC+ Int-3 Stlth+}
MPRegen 0.09/turn               n - ring "Fosannua" {EV+4 Str+3}

@: confused, slowed, very slow
A: horns 2, retaliatory headbutt
a: Renounce Religion, Berserk, Trog's Hand


You were in the Dungeon.
You worshipped Trog.
Trog was most pleased with you.
You visited 1 branch You collected 220 gold pieces.
You spent 135 gold pieces at shops.

Inventory:

Hand Weapons
 a - a +0 falchion
 p - a +1 scythe of venom (weapon)
 r - a +2 hand axe of draining
Armour
 b - a +0 animal skin
 q - a +0 robe
 s - a +0 scale mail (worn)
Jewellery
 m - the ring of the Eagle (left hand) {rPois rC+ Int-3 Stlth+}
   (You bought it in a shop in the Dungeon)

   [ring of poison resistance]

   Int:       It affects your intelligence (-3).
   rC:        It protects you from cold.
   rPois:     It protects you from poison.
   Stlth:     It makes you more stealthy.
 n - the ring "Fosannua" (right hand) {EV+4 Str+3}
   (You bought it in a shop in the Dungeon)

   [ring of evasion]

   EV:        It affects your evasion (+4).
   Str:       It affects your strength (+3).
 o - the amulet of Rerphe (around neck) {Reflect rC++ Slay-5 SH+5}
   (You bought it in a shop in the Dungeon)

   [amulet of reflection]

   It reflects blocked missile attacks.
   Slay:      It affects your accuracy & damage with ranged weapons and melee
   (-5).
   rC:        It greatly protects you from cold.
   SH:        It affects your SH (+5).
Wands
 j - a wand of quicksilver (5)
 k - a wand of roots (5)
Scrolls
 h - 4 scrolls of blinking
 l - 3 scrolls of butterflies
Potions
 c - a potion of curing
 d - 4 potions of heal wounds
 e - 4 potions of haste
 f - 2 potions of magic
 g - a potion of berserk rage
 i - a potion of resistance


   Skills:
 + Level 9.5 Fighting
 + Level 9.5 Long Blades
 + Level 0.2 Polearms
 + Level 4.9 Armour
 + Level 4.9 Dodging


You had 4 spell levels left.
You didn't know any spells.
Your spell library was empty.

Dungeon Overview and Level Annotations

Branches:
Dungeon (1/1)

Altars:
Cheibriados
Dithmenos
Fedhas
Gozag
Kikubaaqudgha
Makhleb
Okawaru
Qazlal
Ru
Sif Muna
Trog
Uskayaw
Vehumet
Wu Jian
Xom
Yredelemnul
Zin
The Shining One
Lugonu

Shops:
D *[??*?*:[((!!!!

Annotations:
D Ijyb


Innate Abilities, Weirdness & Mutations

You have a pair of horns on your head.
You reflexively headbutt those who attack you in melee.


Message History

Found Ruol's Magic Scroll Shop and Imamokha's Must-Have Magic.
You start resting.
Ijyb the Twisted Goblin comes into view.
She is wielding a +6 club, wearing a +4 scale mail of fire resistance and carrying a wand of charming (5).
Ijyb zaps a wand.
You resist with some effort.
Ijyb zaps a wand.
Your will is overpowered!
You are confused.
You bump into the granite statue.
Ijyb hits you with a +6 club! Ijyb closely misses you.
You're too confused to move!
Ijyb hits you with a +6 club!
A kobold brigand comes into view.
It is wielding a +0 whip and quivering poisoned darts.
The kobold brigand throws a poisoned dart.
The poisoned dart completely misses you.
You're too confused to move!
You feel less confused. Ijyb screams, "Me stronger than you!"
Ijyb zaps a wand.
Your will is overpowered!
You are confused.
You hit Ijyb but do no damage.
Ijyb zaps a wand.
Your will is overpowered!
You are more confused.
You bump into the granite statue.
Ijyb misses you. Ijyb attacks as you move away! Ijyb hits you with a +6 club.
Ijyb completely misses you.
Ijyb zaps a wand.
Your will is overpowered!
You are more confused.
The now-empty wand crumbles to dust.
The kobold brigand hits you but does no damage.
You are too confused!
You're too confused to move!
The kobold brigand hits you with a +0 whip.
A kobold brigand comes into view.
It is wielding a +0 club and quivering curare-tipped darts.
You bump into the granite statue.
Ijyb completely misses you.
You bump into the rock wall.
Ijyb hits you with a +6 club!
You bump into the granite statue.
Ijyb closely misses you.
You bump into the granite statue.
Ijyb completely misses you.
The kobold brigand throws a curare-tipped dart.
The curare-tipped dart hits you.
You have difficulty breathing.
* * * LOW HITPOINT WARNING * * *
You feel yourself slow down.
You bump into the rock wall.
Ijyb hits you with a +6 club!
You die...

#_......._# #_......._#
#........_# ###.........###
#§...........⌠#
######.8.........8.######
##.__.....K.###......_._∩#
###∩........8.# #.8.†......∩
##..........Kg@###)...[......
#⌠..........###...###........
#⌠..........# #.<.# #........
#⌠..........###...###........
##.....)......)###...........
###∩........8.# #.8........∩
##∩___......###......___∩#
######.8.........8.######
#⌠...........⌠#


You could see 2 kobold brigands and Ijyb.

Vanquished Creatures
  Sigmund (D)
  Jessica (D)
  Terence (D)
  An adder (D)
  An orc (D)
  A goblin (D)
  A kobold (D)
7 creatures vanquished.

Notes
Turn   | Place    | Note
-------+----------+-------------------------------------------
     0 | D        | boopmooplesden the Minotaur Berserker began the quest for
                  | the Orb.
     0 | D        | Reached XP level 1. HP: 19/19 MP: 0/0
     4 | D        | Found a sacrificial altar of Ru.
     4 | D        | Found a glowing silver altar of Zin.
     5 | D        | Found a hide-covered altar of Uskayaw.
     5 | D        | Found a stormy altar of Qazlal.
     5 | D        | Round 1.
     6 | D        | Found a basalt altar of Yredelemnul.
     6 | D        | Found a burning altar of Makhleb.
     6 | D        | Found Qaxuom's Identification Station.
     7 | D        | Found Vuosy's Jewellery.
     7 | D        | Found Unoupo Gova's Advanced Armour.
    15 | D        | Bought a translucent jade ring for 45 gold pieces
    15 | D        | Identified the ring of the Eagle {rPois rC+ Int-3 Stlth+}
                  | (You bought it in a shop in the Dungeon)
    15 | D        | Bought a scintillating bone ring for 45 gold pieces
    15 | D        | Identified the ring "Fosannua" {EV+4 Str+3} (You bought it
                  | in a shop in the Dungeon)
    15 | D        | Bought a warped diamond amulet for 45 gold pieces
    15 | D        | Identified the amulet of Rerphe {Reflect rC++ Slay-5 SH+5}
                  | (You bought it in a shop in the Dungeon)
    25 | D        | Found a bloodstained altar of Trog.
    26 | D        | Found an ancient bone altar of Kikubaaqudgha.
    29 | D        | Found a glowing golden altar of the Shining One.
    30 | D        | Found a shimmering altar of Xom.
    30 | D        | Found an ornate altar of the Wu Jian Council.
    30 | D        | Found Baumeu Tiyrgh's Premium Goods.
    30 | D        | Found Lopetoamn's Weapon Rack.
    31 | D        | Found Cudeup's Miscellaneous Merchandise.
    31 | D        | Found Utafust's Basic Armour.
    51 | D        | Noticed Sigmund
    55 | D        | Found a corrupted altar of Lugonu.
    56 | D        | Found a shimmering blue altar of Sif Muna.
    65 | D        | Killed Sigmund
    66 | D        | Reached XP level 2. HP: 23/36 MP: 1/1
    66 | D        | Reached XP level 3. HP: 26/41 MP: 2/2
    66 | D        | Reached XP level 4. HP: 31/49 MP: 3/3
    66 | D        | Reached XP level 5. HP: 36/56 MP: 4/4
    77 | D        | Found a blossoming altar of Fedhas.
    77 | D        | Noticed Terence
    77 | D        | Reached ** piety under Trog
    78 | D        | Found a shadowy altar of Dithmenos.
    85 | D        | Killed Terence
    86 | D        | Found a radiant altar of Vehumet.
    86 | D        | Found an iron altar of Okawaru.
    87 | D        | Found Nutusiaf's Distillery.
    87 | D        | Found Fouzupyo's Do-It-Yourself Clinic.
   120 | D        | Noticed Jessica
   123 | D        | Found Tibleet's Distillery.
   123 | D        | Found Natuibb's Bottled Wisdom.
   124 | D        | Killed Jessica
   130 | D        | Arena points: 12 (+12) [x2]
   131 | D        | Found an opulent altar of Gozag.
   195 | D        | Round 2.
   220 | D        | Reached *** piety under Trog
   235 | D        | Found a snail-covered altar of Cheibriados.
   236 | D        | Found Roisk's Magic Scroll Shop.
   236 | D        | Found Wuozomeq's Staff Store.
   237 | D        | Found Ruol's Magic Scroll Shop.
   237 | D        | Found Imamokha's Must-Have Magic.
   244 | D        | Noticed Ijyb
   267 | D        | Slain by Ijyb

Illustrated notes

Levels and vault maps discovered:
D:        arena_sprint

Skill      XL: |  1  2  3  4  5 |
---------------+----------------+-----
Fighting       | 8 9 |  9.5
Long Blades    | 8 9 |  9.5
Armour         | 4 |  4.9
Dodging        | 4 |  4.9
Polearms       | |  0.2

Action                   |  1- 3 |  4- 6 || total
-------------------------+-------+-------++-------
Melee: Falchion          |     7 |       ||     7
       Headbutt          |     2 |     3 ||     5
       Halberd           |       |    20 ||    20
Invok: Berserk           |     1 |       ||     1
Armor: Scale mail        |       |     7 ||     7
       Animal skin       |       |     1 ||     1
Dodge: Dodged            |     2 |    22 ||    24
Block: Other             |       |     9 ||     9
